 Dungeon Crawl Stone Soup version 0.30-a0-862-g1aabd4f9c5 (webtiles) character file.

Game seed: 12515711381269138057

441 domi the Covert (level 6, -4/41 HPs)
             Began as a Vampire Enchanter on Mar 10, 2023.
             Slain by an ice beast (14 damage)
             ... on level 5 of the Dungeon.
             The game lasted 00:06:22 (3187 turns).

domi the Covert (Vampire Enchanter)                 Turns: 3187, Time: 00:06:23

Health: -4/41      AC:  4    Str:  7    XL:     6   Next: 70%
Magic:  6/9        EV: 13    Int: 20    God:
Gold:   904        SH:  0    Dex: 20    Spells: 1/9 levels left

rFire   . . .      SeeInvis +    d - +1 dagger (venom)
rCold   . . .      Faith    .    (no shield)
rNeg    . . .      Spirit   .    b - +0 robe
rPois   .          Reflect  .    (no helmet)
rElec   .          Rampage  .    k - +0 cloak
rCorr   .                        m - +0 pair of gloves
Will    .....                    (no boots)
Stlth   ++                       (no amulet)
HPRegen 0.46/turn                j - +6 ring of dexterity
MPRegen 0.11/turn                (no ring)

@: confused, ambrosia-drunk, healing quickly, invisible
A: alive, fangs 3, see invisible, vampiric 2
a: Exsanguinate


You were on level 5 of the Dungeon.
You visited 1 branch of the dungeon, and saw 5 of its levels.

You collected 904 gold pieces.

Inventory:

Hand Weapons
 a - a +1 dagger
 d - a +1 dagger of venom (weapon)
   (You found it on level 1 of the Dungeon)
 n - the +5 great sword of Corporal Punishment {heavy, rN+ Str-4 Int+3}
   (You found it on level 4 of the Dungeon)

   Str:       It affects your strength (-4).
   Int:       It affects your intelligence (+3).
   rN:        It protects you from negative energy.
 r - the +10 flail of Geadoem {vamp, *Corrode Str+3 Dex+3 SInv, !a}
   (You found it on level 2 of the Dungeon)

   Str:       It affects your strength (+3).
   Dex:       It affects your dexterity (+3).
   SInv:      It lets you see invisible.
   *Corrode:  It may corrode you when you take damage.
Armour
 b - a +0 robe (worn)
 k - a +0 cloak (worn)
   (You found it on level 1 of the Dungeon)
 m - a +0 pair of gloves (worn)
   (You found it on level 1 of the Dungeon)
Magical Staves
 q - a staff of death {rN+}
   (You found it on level 2 of the Dungeon)
Jewellery
 j - a +6 ring of dexterity (left hand)
   (You found it on level 4 of the Dungeon)
Scrolls
 g - 5 scrolls of teleportation {@r4}
 h - a scroll of enchant weapon
 p - 3 scrolls of poison {!r}
 u - 2 scrolls of identify {@r1}
 y - a scroll of magic mapping {unknown}
Potions
 e - a potion of curing {@q1}
 f - a potion of mutation {unknown}
 i - 2 potions of haste {unknown}
 o - 2 potions of magic
 s - a potion of heal wounds {unknown}
 t - a potion of flight {unknown}
 v - 2 potions of brilliance
 w - a potion of berserk rage {unknown}
 x - a potion of resistance {unknown}


   Skills:
 - Level 1.1 Short Blades
 - Level 2.1 Dodging
 * Level 8.2 Stealth
 - Level 2.0 Spellcasting
 * Level 7.9 Hexes
 + Level 2.6 Ice Magic


You had one spell level left.
You knew the following spells:

 Your Spells              Type           Power      Damage    Failure   Level
x - Tukima's Dance        Hex            33%        N/A       1%          3
z - Ensorcelled Hibernat  Hex/Ice        46%        N/A       2%          2
Z - Confusing Touch       Hex            33%        N/A       1%          3

Your spell library contained the following spells:

 Spells                   Type           Power      Damage    Failure   Level
 Necrotise                Necr           8%         1d4       16%         1
 Sandblast                Erth           4%         2d4       16%         1
 Dazzling Flash           Conj/Hex       34%        N/A       10%         3
 Portal Projectile        Hex/Tloc       34%        N/A       10%         3
 Frozen Ramparts          Ice            24%        1d4       16%         3
 Cigotuvi's Dreadful Rot  Necr/Pois/Air  4%         N/A       24%         2
 Lesser Beckoning         Tloc           4%         N/A       24%         2
 Passwall                 Tmut/Erth      1%         N/A       24%         2
 Static Discharge         Conj/Air       4%         2-3/arc   24%         2
 Gell's Gravitas          Tloc           2%         N/A       43%         3
 Mephitic Cloud           Conj/Pois/Air  2%         N/A       43%         3
 Stone Arrow              Conj/Erth      4%         3d7       43%         3
 Teleport Other           Tloc           2%         N/A       43%         3
 Ice Form                 Ice/Tmut       7%         N/A       67%         4
 Summon Ice Beast         Ice/Summ       7%         N/A       67%         4
 Airstrike                Air            1%         2d(1-17)  83%         4
 Blade Hands              Tmut           1%         N/A       99%         5
 Storm Form               Tmut/Air       1%         N/A       100%        7


Dungeon Overview and Level Annotations

Branches:
Dungeon (5/15)
 Temple: D:4-7

Altars:


Innate Abilities, Weirdness & Mutations

Your natural rate of healing is accelerated.
You have razor-sharp teeth.
You have supernaturally acute eyesight. (SInv)
You are afflicted with vampirism and can become a bat while bloodless.


Message History

You barely miss the ice beast. Your bite misses the ice beast.
Unknown command.
You hit the ice beast but do no damage. The ice beast closely misses you.
You hit the ice beast but do no damage.
The ice beast appears confused.
You punch the ice beast. The ice beast hits you. The ice beast freezes you!
Unknown command.
Your hands begin to glow red.
You aren't carrying any items that you can evoke.
Unknown command.
Okay, then.
Okay, then.
An iguana comes into view.
The iguana hisses angrily.
Unknown command.
You hit the ice beast but do no damage.
The ice beast appears confused.
A phantom comes into view.
You barely miss the ice beast.
You bite the ice beast, but do no damage.
The ice beast hits itself but does no damage.
You hit the ice beast but do no damage.
The ice beast is poisoned.
You hit the ice beast but do no damage. The iguana closely misses you.
The iguana attacks as you move away! The iguana completely misses you.
The ice beast hits itself but does no damage.
The ice beast hits itself.
The iguana attacks as you move away! The iguana misses you.
There is a stone staircase leading up here.
The ice beast looks more healthy.
The iguana barely misses you.
You climb upwards.
There is a stone staircase leading down here.
Aim: an iguana (chance to affect: 62%)
The iguana resists with significant effort.
The iguana barely misses you.
Aim: an iguana (chance to affect: 62%)
The iguana resists with significant effort.
The iguana barely misses you. The iguana attacks as you move away!
The iguana bites you. The iguana attacks as you move away!
The iguana misses you.
Aim: an iguana (chance to affect: 62%)
The iguana looks drowsy...
The helpless iguana fails to defend itself.
You impale the iguana!!
You kill the iguana!
You start resting.
You see here an iguana corpse.
There is a stone staircase leading down here.
You climb downwards.
The phantom hits you.
The phantom blinks!
You blink.
The phantom completely misses you.
Your hands begin to glow red.
The phantom closely misses you.
You hit the phantom but do no damage.
The phantom appears confused.
You barely miss the phantom. The phantom hits you.
You hit the phantom but do no damage. You hit the phantom but do no damage.
You hit the phantom but do no damage.
You catch the helpless phantom completely off-guard!
You impale the phantom!! The phantom hits you.
The phantom blinks!
You blink.
You hit the phantom but do no damage. The phantom hits you.
You hit the phantom but do no damage. The phantom closely misses you.
You barely miss the phantom. The phantom closely misses you.
You hit the phantom. You hit the phantom.
The phantom seems less confused.
The phantom closely misses you.
You miscast Confusing Touch.
You are very lightly contaminated with residual magic.
Nothing appears to happen.
The phantom hits you.
The phantom blinks!
You blink.
Your hands begin to glow red.
The phantom barely misses you.
You closely miss the phantom. The phantom barely misses you.
You closely miss the ice beast. The phantom hits you.
The phantom blinks!
You blink.
You barely miss the phantom. The phantom hits you.
The phantom blinks!
You blink.
You hit the phantom but do no damage. The phantom hits you!
You miss the phantom. You bite the phantom. The phantom closely misses you.
You hit the phantom but do no damage.
The phantom appears confused.
Your magical contamination has completely faded away.
Unknown command.
The phantom hits you.
You catch the helpless phantom completely off-guard!
You impale the phantom!!
You destroy the phantom!
Your Stealth skill increases to level 8!
You don't have enough magic to cast this spell.
You fade into invisibility!
The ice beast completely misses you.
You hit the ice beast but do no damage.
You punch the ice beast, but do no damage.
The ice beast hits you. The ice beast freezes you!
* * * LOW HITPOINT WARNING * * *
Unknown command.
Okay, then.
You don't have enough magic to cast this spell.
Really quaff
l - a potion of ambrosia {!q}?
You are confused.
You feel invigorated. The ice beast hits you.
* * * LOW HITPOINT WARNING * * *
The ice beast freezes you!
You die...

######## #....... #
#.#...# .# ##....####.###
#............######
#............. ...#
#....@(.##.#.####.####
##...Y.###.#.##.......
#.....#............#..
......##.#.###.#.##.#.$..#
#..#.####........§..#.##..
#.....?.......§.<...#.# #.
#...............###.#.# .
........#..###...##.#.#
...............#......#


You could see an ice beast (unable to see you).

Vanquished Creatures
  An ogre (D:3)
  A phantom (D:5)
  A scorpion (D:4)
  A jelly (D:4)
  An orc priest (D:3)
  2 iguanas (D:4)
  3 adders
  A worm (D:2)
  2 dart slugs
  6 orcs
  6 endoplasms
  6 giant cockroaches
  7 goblins
  6 hobgoblins
  7 kobolds
  4 quokkas
  5 bats
  3 frilled lizards
  6 rats
69 creatures vanquished.

Notes
Turn   | Place    | Note
-------+----------+-------------------------------------------
     0 | D:1      | domi the Vampire Enchanter began the quest for the Orb.
     0 | D:1      | Reached XP level 1. HP: 13/13 MP: 3/3
   112 | D:1      | Reached skill level 5 in Stealth
   112 | D:1      | Reached XP level 2. HP: 15/19 MP: 5/5
   125 | D:1      | Learned a level 2 spell: Ensorcelled Hibernation
   240 | D:1      | Reached skill level 5 in Hexes
   560 | D:1      | Gained mutation: You are afflicted with vampirism and can
                  | become a bat while bloodless. [Vampire growth]
   560 | D:1      | Reached XP level 3. HP: 24/24 MP: 6/6
  1074 | D:2      | Identified the +10 flail of Geadoem {vamp, *Corrode Str+3
                  | Dex+3 SInv}
  1101 | D:2      | Reached skill level 1 in Ice Magic
  1427 | D:2      | Reached XP level 4. HP: 30/30 MP: 7/7
  1518 | D:2      | Learned a level 3 spell: Confusing Touch
  1619 | D:3      | Reached skill level 6 in Stealth
  1738 | D:3      | Noticed an ogre
  1745 | D:3      | Killed an ogre
  1746 | D:3      | Reached skill level 6 in Hexes
  1746 | D:3      | Reached XP level 5. HP: 35/35 MP: 5/8
  1874 | D:3      | Reached skill level 7 in Stealth
  2109 | D:4      | Identified 2 scrolls of acquirement
  2109 | D:4      | Acquired the Lessons on the Zephyr and Unholy Acts
  2112 | D:4      | Acquired 710 gold pieces
  2258 | D:4      | HP: 1/35 [iguana (13)]
  2264 | D:4      | Reached skill level 7 in Hexes
  2264 | D:4      | Reached skill level 2 in Ice Magic
  2429 | D:4      | Learned a level 3 spell: Tukima's Dance
  2504 | D:4      | Reached XP level 6. HP: 41/41 MP: 6/9
  2707 | D:4      | Identified the +5 great sword of Corporal Punishment
                  | {heavy, rN+ Str-4 Int+3}
  3030 | D:5      | Entered Level 5 of the Dungeon
  3041 | D:5      | Noticed an ice beast
  3185 | D:5      | Reached skill level 8 in Stealth
  3186 | D:5      | HP: 6/41 [ice beast (11)]
  3187 | D:5      | Slain by an ice beast

Illustrated notes

Levels and vault maps discovered:
D:1:      nzn_arrival_crosshair, layout_basic
D:2:      layout_rooms, minivault_27, nicolae_titane
D:3:      layout_rooms, reono_crystal_passage
D:4:      layout_basic, hangedman_abyss_or_decor_stagger, chequers_garden
D:5:      layout_loops_ring, temple_green

Skill      XL: |  1  2  3  4  5  6 |
---------------+-------------------+-----
Stealth        | 5 6 7 8 |  8.2
Hexes          | 5 6 7 |  7.9
Ice Magic      | 1 2 |  2.6
Short Blades   | |  1.1
Dodging        | |  2.1
Spellcasting   | |  2.0

Action                     |  1- 3 |  4- 6 || total
---------------------------+-------+-------++-------
  Melee: Dagger            |   115 |    91 ||   206
         Bite              |    10 |    11 ||    21
         Punch             |       |     3 ||     3
   Cast: Ensorcelled Hiber |       |     6 ||     6
         Confusing Touch   |       |     4 ||     4
    Use: Scroll            |       |    11 ||    11
         Potion            |       |     5 ||     5
   Stab: Sleeping          |     7 |    10 ||    17
         Confused          |       |     2 ||     2
 Armour: Robe              |    25 |    11 ||    36
  Dodge: Dodged            |    63 |    44 ||   107

Table legend: (Time is in decaauts)
 A = Elapsed time spent in this place.
 B = Non-inter-level travel time spent in this place.
 C = Inter-level travel time spent in this place.
 D = Time resting spent in this place.
 E = Time spent auto-exploring this place.
 F = Levels seen in this place.
 G = Mean time per level.
                   A        B        C        D        E       F      G
               +--------+--------+--------+--------+--------+-----+--------+
         Total |   3174 |   3087 |     87 |    336 |   2191 |   5 |  634.8 |
       Dungeon |   3174 |   3087 |     87 |    336 |   2191 |   5 |  634.8 |
               +--------+--------+--------+--------+--------+-----+--------+

Top non-repeatable levels by time:
     D:4: 1055 daAuts
     D:1: 901 daAuts
     D:2: 633 daAuts
     D:3: 525 daAuts
     D:5: 59 daAuts

Table legend:
 A = Kills in this place as a percentage of kills in the entire game.
 B = Kills by you in this place as a percentage of kills by you in the entire game.
 C = Kills by friends in this place as a percentage of kills by friends in the entire game.
 D = Other kills in this place as a percentage of other kills in the entire game.
 E = Experience gained in this place as a percentage of experience gained in the entire game.
 F = Experience gained in this place divided by the number of levels of this place that you have seen.
                   A       B       C       D       E      F
               +-------+-------+-------+-------+-------+----------------------
         Total | 100.0 | 100.0 |   N/A |   N/A | 100.0 | 126.0
       Dungeon | 100.0 | 100.0 |   N/A |   N/A | 100.0 | 126.0
               +-------+-------+-------+-------+-------+----------------------
